 Dungeon Sprint DCSS version 0.31-a0-521-gc7390f8997 (webtiles) character file.

Game seed: 13895406076191363717

126 rocky1 the Ruffian (level 4, -1/52 HPs)
             Began as a Draconian Shapeshifter on Aug 11, 2023.
             Slain by a human (12 damage)
             ... in the Dungeon (Sprint III: "The Ten Rune Challenge").
             The game lasted 00:01:04 (513 turns).

rocky1 the Ruffian (Draconian Shapeshifter)          Turns: 513, Time: 00:01:04

Health: -1/52      AC: 18    Str: 17    XL:     4   Next: 83%
Magic:  4/4        EV:  2    Int: 11    God:
Gold:   17         SH:  0    Dex: 11    Spells: 3/3 levels left

rFire   . .          .
                       - Unarmed
rCold   . . .        (no shield)
rNeg    . . .        (body armour unavailable)
rPois   +            (helmet currently unavailable)
rElec   .            (cloak currently unavailable)
rCorr   .            (gloves currently unavailable)
SInv    .            (boots currently unavailable)
Will    .....        (no amulet)
Stlth   +            (no ring)
HPRegen 0.28/turn    (no ring)
MPRegen 0.09/turn

%: no teleportation
@: tree-form, corroded, hasted, very quick
A: stationary, stasis, torment immunity, boosted hp, AC +5, unfitting armour,
(cold-blooded)
a: no special abilities


You were in the Dungeon.
You were a tree.
You visited 1 branch You collected 17 gold pieces.

Inventory:

Talismans
 b - a beast talisman
 c - a flux talisman
Scrolls
 i - a scroll of blinking
 k - a scroll of poison {unknown}
 l - 2 scrolls of identify
 n - a scroll of immolation {unknown}
 o - a scroll of fear {unknown}
Potions
 d - a potion of curing
 g - 2 potions of magic
 j - 4 potions of mutation {unknown}
 m - 4 potions of enlightenment


   Skills:
 + Level 1.5 Fighting
 + Level 3.0 Dodging
 + Level 0.4 Stealth
 + Level 6.8 Unarmed Combat
 + Level 6.3 Shapeshifting


You had 3 spell levels left.
You didn't know any spells.
Your spell library was empty.

Dungeon Overview and Level Annotations

Branches:
Dungeon (1/1)

Altars:


Innate Abilities, Weirdness & Mutations

You are a tree.
Your roots penetrate the ground, keeping you stationary.
You cannot be teleported.
You are immune to unholy pain and torment.
Your maximum health is greatly increased.
Your equipment is partially melded.
((Your plain brown scales are hard. (AC +5)))
You cannot fit into any form of body armour.
((You are cold-blooded and may be slowed by cold attacks.))


Message History

The jelly hits you but does no damage.
You smack the jelly!
You kill the jelly!
The human hits you but does no damage.
Your Dodging skill increases to level 3!
Your Shapeshifting skill increases to level 6!
You barely miss the human. Your punch misses the human.
The human hits you but does no damage. x2
You hit the human but do no damage. The human hits you but does no damage.
The human hits you!
You smack the human!
The human is moderately wounded.
You closely miss the human.
The human is moderately wounded.
The human hits you with a +0 whip.
* * * LOW HITPOINT WARNING * * *
The human hits you but does no damage.
Unknown command.
You feel much better. The human barely misses you.
You smack the human!
The human is heavily wounded.
The human hits you with a +0 whip. The human hits you but does no damage.
You closely miss the human.
The human is heavily wounded.
The human hits you with a +0 whip.
You closely miss the human.
The human is heavily wounded.
The human hits you but does no damage. The human hits you with a +0 whip!
* * * LOW HITPOINT WARNING * * *
You hit the human.
The human is heavily wounded.
The human hits you but does no damage. The human completely misses you.
You hit the human but do no damage.
The human is heavily wounded.
The human hits you with a +0 whip.
* * * LOW HITPOINT WARNING * * *
You closely miss the human.
The human is heavily wounded.
The human hits you!
You die...

▓▓▓ ♣ ♣.# ♣♣ ♣.#
.♣ ♣♣.#
♣♣♣♣..###+#'###+##
......#........p.#
~..♣♣.+.⌠......p♣#
~~~.♣.#...######'#
~~....#.⌠.# ..#
~.....#...# ...#
......#+### #...#
......# #...+
......# +...#
▓▓▓▓▓▓▓ ▓▓▓▓▓


You could see 2 humans.

Vanquished Creatures
  A water elemental (D)
  A jelly (D)
  A human (D)
  A wolf (D)
  4 rats (D)
8 creatures vanquished.

Notes
Turn   | Place    | Note
-------+----------+-------------------------------------------
     0 | D        | rocky1 the Draconian Shapeshifter began the quest for the
                  | Orb.
     0 | D        | Reached XP level 1. HP: 16/16 MP: 1/1
    36 | D        | Noticed a wolf
    41 | D        | Killed a wolf
    42 | D        | Reached XP level 2. HP: 13/23 MP: 2/2
   132 | D        | Reached skill level 5 in Unarmed Combat
   132 | D        | Reached XP level 3. HP: 20/28 MP: 3/3
   313 | D        | Noticed a water elemental
   318 | D        | Killed a water elemental
   319 | D        | Reached skill level 5 in Shapeshifting
   319 | D        | Reached XP level 4. HP: 35/35 MP: 4/4
   495 | D        | Noticed a human
   496 | D        | Noticed a human
   513 | D        | Slain by a human

Illustrated notes

Levels and vault maps discovered:
D:        dungeon_sprint_mu [sprint_mu_entry_forest, sprint_mu_temple_rooms,
          sprint_mu_d1_spiders, sprint_mu_d2_genie, sprint_mu_d3_branching,
          sprint_mu_orc_legion, sprint_mu_elf_gauntlet, sprint_mu_hive_nellie,
          sprint_mu_lair_fedhas, sprint_mu_vaults_butterflies,
          sprint_mu_slime_circle, sprint_mu_swamp_cave, sprint_mu_shoals_kraken,
          sprint_mu_blade_basic, sprint_mu_crypt_chambers,
          sprint_mu_tomb_spiral, sprint_mu_vestibule_basic,
          sprint_mu_gehenna_hellfire, sprint_mu_dis_giant,
          sprint_mu_tartarus_statrot, sprint_mu_cocytus_islands, sprint_mu_zot1]

Skill      XL: |  1  2  3  4 |
---------------+-------------+-----
Dodging        | 2 3 |  3.0
Unarmed Combat | 4 5 6 |  6.8
Shapeshifting  | 4 5 6 |  6.3
Fighting       | |  1.5
Stealth        | |  0.4

Action                     |  1- 3 |  4- 6 || total
---------------------------+-------+-------++-------
  Melee: Unarmed           |    22 |    14 ||    36
         Tailslap          |     2 |       ||     2
    Use: Potion            |     1 |     3 ||     4
 Armour: Skin              |     2 |    10 ||    12
  Dodge: Dodged            |    11 |     2 ||    13

Table legend: (Time is in decaauts)
 A = Elapsed time spent in this place.
 B = Non-inter-level travel time spent in this place.
 C = Inter-level travel time spent in this place.
 D = Time resting spent in this place.
 E = Time spent auto-exploring this place.
 F = Levels seen in this place.
 G = Mean time per level.
                   A        B        C        D        E       F      G
               +--------+--------+--------+--------+--------+-----+--------+
         Total |    515 |    515 |      0 |    352 |      0 |   1 |  515.0 |
       Dungeon |    515 |    515 |      0 |    352 |      0 |   1 |  515.0 |
               +--------+--------+--------+--------+--------+-----+--------+

Top non-repeatable levels by time:
       D: 515 daAuts
